Map: Bone Temple LE

Players

A.I. 5 (Medium)

  • Race: Protoss Protoss
  • Spawn Location: 1:00

A.I. 4 (Hard)

  • Race: Terran Terran
  • Spawn Location: 12:00

A.I. 3 (Hard)

  • Race: Protoss Protoss
  • Spawn Location: 3:00

Lunarbears - Winner!

  • Race: Terran Terran
  • Spawn Location: 7:00

larsgj - Winner!

  • Race: Terran Terran
  • Spawn Location: 6:00

FroGGe - Winner!

  • Race: Zerg Zerg
  • Spawn Location: 7:00

VOD

Have the link to the VOD?

Description

Time

  • Played on: May 7, 2020, 4:51 p.m.
  • Length: 30:57
Show
View Real Time Build Order
Export as new Build Order

A.I. 5 (Medium) Protoss 

Build Orders:  

Get SALT Encoding   

  12  0:01  Probe  
  13  0:13  Probe  
  14  0:19  Pylon  
  14  0:25  Probe  
  15  0:33  Probe  
  15  0:40  Gateway  
  15  0:42  Probe  
  16  0:47  Assimilator  
  17  0:51  Probe  
  18  1:00  Pylon  
  18  1:29  Gateway  
  18  1:31  Cybernetics Core  
  18  1:33  Assimilator  
  20  1:40  Zealot  
  20  2:00  Zealot  
  22  2:16  Stalker  
  22  2:19  Pylon, Warp Gate  
  24  2:29  Stalker  
  24  2:36  Probe  
  27  2:46  Stalker  
  27  2:48  Probe  
  30  2:55  Pylon  
  30  2:59  Stalker  
  30  3:00  Probe  
  33  3:12  Probe, Forge  
  34  3:20  Probe  
  35  3:28  Probe  
  36  5:17  Probe  
  36  5:19  Sentry  
  39  5:24  Pylon  
  39  5:27  Photon Cannon  
  39  5:29  Photon Cannon  
  39  5:32  Robotics Facility  
  39  5:33  Adept  
  39  5:34  Stargate  
  41  5:37  Twilight Council  
  41  5:39  Gateway  
  41  5:42  Probe  
  42  5:43  Forge  
  42  5:47  Stalker  
  42  5:48  Pylon  
  44  6:00  Sentry  
  44  6:14  Adept  
  40  6:19  Observer  
  37  6:28  Stalker  
  37  6:32  Nexus  
  39  6:41  Zealot, Observer  
  42  6:55  Zealot  
  44  7:09  Stalker  
  46  7:22  Stalker  
  48  7:36  Stalker  
  50  7:44  Probe  
  50  7:48  Probe  
  52  7:56  Probe, Assimilator  
  53  8:00  Probe  
  53  8:01  Pylon  
  53  8:04  Assimilator  
  54  8:07  Pylon  
  54  8:08  Probe  
  54  8:12  Probe  
  56  8:19  Probe  
  56  8:24  Probe  
  58  8:27  Probe  
  58  8:29  Photon Cannon  
  58  8:32  Photon Cannon  
  59  8:35  Probe  
  59  8:36  Probe  
  61  8:45  Probe  
  61  8:48  Probe  
  61  8:54  Probe  
  63  9:00  Probe  
  65  9:05  Probe  
  66  9:12  Probe  
  67  9:17  Probe  
  67  9:23  Probe  
  69  9:56  Protoss Ground Armor Level 1  
  69  9:59  Warp Prism  
  75  10:01  Gateway  
  75  10:04  Void Ray  
  75  10:05  Stargate  
  75  10:06  Protoss Ground Weapons Level 1  
  75  10:07  Zealot  
  75  10:08  Pylon  
  75  10:12  Templar Archives  
  76  10:15  Robotics Bay  
  76  10:18  Dark Shrine  
  76  10:22  Robotics Facility  
  76  10:24  Fleet Beacon  
  76  10:34  Observer  
  73  10:45  Zealot  
  73  10:47  Void Ray  
  73  10:49  Observer  
  62  10:54  Stalker  
  63  10:58  Gravitic Drive  
  63  11:02  Sentry  
  65  11:07  Warp Prism  
  65  11:09  Observer  
  65  11:11  Stalker  
  70  11:20  Zealot  
  72  11:28  Adept  
  74  11:37  Stalker  
  74  11:39  Nexus  
  76  11:40  Gravitic Boosters  
  76  12:50  Probe  
  76  12:56  Probe  
  78  12:58  Probe  
  78  12:59  Probe  
  78  13:05  Probe  
  80  13:06  Probe  
  82  13:14  Probe  
  82  13:16  Probe  
  82  13:18  Probe  
  82  13:19  Nexus, Pylon  
  85  13:23  Pylon  
  85  13:24  Stalker  
  85  13:25  Assimilator  
  85  13:26  Observer, Assimilator  
  87  13:30  Sentry  
  89  13:35  Protoss Ground Weapons Level 2  
  89  13:36  Protoss Ground Armor Level 2, Sentry  
  91  13:42  Zealot  
  91  13:43  Protoss Air Weapons Level 1  
  91  13:47  Photon Cannon  
  93  13:48  Stalker  
  93  13:50  Photon Cannon  
  93  13:54  Stalker  
  97  14:00  Stalker  
  97  14:06  Stalker  
  77  14:12  Sentry  
  78  14:17  Sentry  
  78  14:20  Observer  
  78  14:23  Sentry  
  83  14:29  Stalker  
  85  14:36  Zealot  
  87  14:41  Zealot  
  87  14:42  Blink  
  89  14:47  Zealot  
  89  14:49  Void Ray  
  89  14:52  Assimilator  
  91  14:57  Pylon  
  91  14:59  Stalker  
  97  15:00  Pylon  
  97  15:03  Assimilator  
  97  15:05  Stalker  
  99  15:11  Sentry  
  105  15:24  Photon Cannon, Void Ray  
  105  15:28  Protoss Air Armor Level 1  
  105  15:30  Photon Cannon  
  105  15:57  Protoss Ground Weapons Level 3  
  105  16:06  Protoss Shields Level 1  
  105  17:17  Zealot  
  105  17:19  Protoss Air Weapons Level 2  
  105  17:22  Adept  
  109  17:43  Stalker  
  105  17:46  Protoss Ground Armor Level 3  
  105  17:48  Stalker  
  93  17:52  Stalker  
  93  17:57  Sentry  
  93  17:58  Observer x2  
  77  18:03  Void Ray  
  77  18:08  Void Ray  
  77  18:11  Zealot  
  83  18:15  Zealot  
  85  18:20  Zealot  
  85  18:24  Zealot  
  89  18:31  Stalker  
  91  18:35  Stalker  
  91  18:40  Stalker  
  95  18:43  Protoss Shields Level 2  
  95  18:46  Sentry  
  97  19:23  Protoss Air Armor Level 2  
  97  20:32  Disruptor  
  100  20:38  Disruptor  
  100  20:41  Protoss Shields Level 3, Carrier  
  108  21:01  Sentry  
  102  21:07  Sentry  
  102  21:08  Observer  
  103  21:13  Adept  
  103  21:14  Observer  
  96  21:19  Stalker  
  86  21:25  Stalker  
  86  21:30  Observer  
  86  21:31  Stalker  
  85  21:37  Stalker  
  91  21:47  Void Ray  
  91  21:49  Zealot  
  93  21:54  Zealot  
  93  22:00  Zealot  
  97  23:03  Nexus  
  97  23:22  Void Ray  
  97  23:39  Stalker  
  99  23:46  Stalker  
  99  23:47  Disruptor  
  96  23:57  Pylon  
  96  24:02  Adept  
  91  24:07  Adept  
  77  24:11  Adept  
  77  24:15  Adept  
  81  24:21  Immortal  
  82  24:25  Stalker  
  82  24:30  Sentry  
  86  24:33  Assimilator  
  86  24:34  Adept  
  86  24:36  Pylon  
  86  24:38  Adept  
  86  24:40  Pylon  
  86  24:44  Pylon, Void Ray  
  84  24:47  Assimilator  
  84  24:50  Sentry  
  90  24:57  Photon Cannon  
  90  24:58  Immortal  
  94  25:05  Stalker  
  96  25:07  Photon Cannon  
  96  25:10  Photon Cannon  
  96  25:12  Zealot  
  98  25:19  Stalker  
  100  25:24  Assimilator  
  100  25:27  Zealot  
  102  25:31  Stalker  
  93  25:36  Stalker  
  93  25:41  Sentry  
  76  25:43  Probe  
  76  25:45  Sentry  
  65  25:51  Stalker  
  65  25:52  Probe  
  65  25:55  Probe  
  65  25:56  Pylon  
  66  25:58  Probe, Zealot  
  66  26:03  Adept  
  67  26:04  Probe  
  67  26:07  Probe, Adept  
  67  26:10  Probe  
  68  26:12  Stalker  
  68  26:16  Probe  
  71  26:19  Stalker  
  71  26:20  Probe  
  71  26:23  Sentry  
  71  26:24  Pylon  
  71  26:25  Probe  
  75  26:27  Nexus  
  75  26:28  Probe x2, Adept  
  75  26:30  Assimilator  
  79  26:35  Assimilator, Sentry  
  79  26:36  Probe  
  79  26:37  Probe  
  82  26:41  Probe  
  82  26:45  Photon Cannon  
  82  26:47  Probe, Stalker  
  90  26:48  Void Ray  
  90  26:49  Probe  
  90  26:53  Probe  
  90  26:54  Stalker  
  95  26:58  Stalker  
  95  26:59  Probe  
  95  27:00  Photon Cannon  
  88  27:02  Probe  
  88  27:03  Adept  
  88  27:04  Photon Cannon  
  88  27:05  Probe  
  82  27:09  Immortal  
  82  27:11  Probe  
  82  27:14  Probe  
  88  27:17  Probe  
  88  27:18  Adept  
  79  27:26  Adept  
  79  27:35  Zealot  
  81  27:46  Immortal  
  81  27:48  Probe  
  79  27:51  Probe  
  79  27:57  Probe  
  75  27:58  Pylon, Void Ray  
  75  27:59  Nexus, Immortal  
  75  28:01  Probe  
  75  28:04  Probe  
  76  28:10  Probe  
  74  28:13  Probe  
  74  28:14  Void Ray  
  74  28:16  Probe  
  74  28:17  Stalker  
  76  28:22  Probe  
  76  28:25  Probe, Immortal  
  82  28:28  Probe  
  82  28:31  Stalker  
  82  28:34  Probe  
  86  28:35  Void Ray  
  86  28:37  Probe  
  86  28:40  Probe  
  92  28:46  Probe  
  92  28:47  Stalker  
  94  28:49  Probe  
  94  28:51  Pylon  
  94  28:52  Probe  
  94  28:54  Stalker  
  98  28:58  Probe  
  98  29:01  Probe, Stalker  
  101  29:04  Probe  
  101  29:10  Probe  
  101  29:11  Sentry  
  101  29:13  Probe  
  101  29:15  Probe  
  102  29:18  Probe  
  102  29:20  Sentry  
  102  29:21  Pylon  
  87  29:25  Probe  
  87  29:27  Probe, Stalker  
  87  29:30  Probe  
  66  29:35  Stalker  
  66  29:37  Probe x2  
  63  29:42  Probe, Stalker  
  44  29:45  Probe  
  44  29:49  Probe, Stalker  
  44  29:51  Nexus  
  32  29:54  Probe x2  
  26  30:05  Probe  
  26  30:06  Probe  
  27  30:11  Zealot  
  27  30:13  Probe  
  24  30:18  Zealot  
  24  30:21  Probe  
Show
View Real Time Build Order
Export as new Build Order

A.I. 4 (Hard) Terran 

Build Orders:  

Get SALT Encoding   

  12  0:01  SCV  
  13  0:13  SCV  
  14  0:20  Supply Depot  
  14  0:25  SCV  
  15  0:42  SCV  
  16  0:48  Barracks  
  16  0:50  Refinery  
  16  0:54  SCV  
  17  1:06  SCV  
  18  1:18  SCV  
  19  1:21  Supply Depot  
  19  1:31  SCV  
  20  1:35  Marine  
  21  1:41  Barracks  
  21  1:44  Orbital Command  
  21  1:49  Refinery  
  21  1:54  Barracks Tech Lab  
  21  2:03  Factory  
  21  2:12  Marine  
  22  2:22  Supply Depot  
  22  2:30  Marine  
  22  2:33  Marine  
  24  2:48  Marauder  
  26  2:53  Hellion  
  26  2:54  Supply Depot  
  28  3:01  Marine  
  29  3:11  Marine  
  30  3:20  Marine  
  31  3:29  Marine, Supply Depot  
  32  3:37  SCV  
  32  3:39  Hellion  
  35  3:49  Marauder, SCV  
  35  3:50  Engineering Bay  
  38  4:01  Hellion, SCV  
  41  4:13  SCV  
  42  4:22  Hellion  
  44  4:25  SCV  
  44  4:28  Supply Depot  
  45  4:37  SCV  
  46  4:43  Hellion  
  48  5:05  Hellion  
  50  6:20  Barracks Tech Lab  
  50  6:21  Stimpack  
  50  6:22  Terran Infantry Weapons Level 1, Marauder  
  50  6:23  Factory  
  50  6:24  Factory Tech Lab  
  52  6:28  Starport  
  52  6:31  Starport  
  52  6:34  Missile Turret  
  52  6:37  Missile Turret  
  52  6:38  Combat Shield  
  52  6:39  Supply Depot  
  52  6:40  Command Center  
  52  6:42  Marine  
  52  6:44  Barracks, Marine  
  52  6:46  Ghost Academy  
  54  7:00  Marine  
  55  7:03  Marauder  
  55  7:05  Bunker  
  55  7:07  Supply Depot  
  55  7:08  Starport Tech Lab x2  
  57  7:09  Factory Tech Lab  
  57  7:18  Marine  
  58  7:24  Marauder  
  64  7:33  Sensor Tower  
  64  7:35  Raven  
  64  7:36  Raven, Ghost  
  66  7:45  Marauder  
  66  7:49  Armory  
  68  7:54  SCV  
  68  7:55  SCV  
  68  7:57  Concussive Shells  
  64  8:03  Marine  
  63  8:06  SCV  
  63  8:07  Missile Turret  
  63  8:09  SCV, Missile Turret  
  63  8:11  Refinery  
  53  8:13  Marine  
  53  8:16  Terran Infantry Armor Level 1  
  53  8:18  SCV  
  51  8:21  SCV  
  51  8:22  Barracks Reactor  
  51  8:26  Marine  
  53  8:30  SCV  
  53  8:34  SCV, Marine  
  55  8:42  SCV  
  55  8:44  Marine  
  55  8:46  SCV  
  58  8:51  Marine  
  58  8:54  SCV  
  60  8:58  SCV  
  60  9:02  Marine  
  62  9:06  SCV  
  65  9:10  Marauder, SCV  
  65  9:12  Marine  
  67  9:18  SCV  
  67  9:19  Bunker  
  67  9:20  Marauder  
  67  9:22  SCV  
  71  10:01  Refinery  
  71  10:22  SCV  
  71  10:24  SCV  
  71  10:27  Marine  
  71  10:28  Raven  
  71  10:34  Marine  
  71  10:35  Medivac  
  60  10:37  Supply Depot  
  60  10:40  Marine  
  52  10:46  Marine, Command Center  
  53  10:51  Marine  
  52  10:58  Marauder  
  52  11:02  Medivac  
  52  11:03  Marine  
  57  11:09  Marine  
  60  11:14  Raven  
  60  11:15  Marine  
  61  11:20  Ghost  
  63  11:26  Marine  
  63  11:32  Marine  
  67  11:38  Siege Tank  
  67  11:39  Supply Depot  
  70  11:40  Raven  
  70  11:44  Siege Tank  
  73  11:48  Medivac  
  75  11:58  SCV  
  75  12:00  SCV  
  77  12:01  SCV  
  78  12:10  SCV, Siege Tank  
  78  12:12  SCV  
  78  12:14  Terran Infantry Weapons Level 2, SCV, Refinery  
  84  12:16  Siege Tank  
  84  12:18  Missile Turret  
  84  12:21  Missile Turret  
  84  12:22  SCV  
  88  12:23  Refinery  
  88  12:24  SCV  
  88  12:26  SCV  
  90  12:34  SCV  
  90  12:36  Engineering Bay  
  90  12:37  SCV  
  92  12:38  SCV  
  92  12:41  Terran Vehicle Weapons Level 1  
  92  12:42  Hellion  
  95  12:44  Bunker  
  95  12:46  SCV  
  95  12:48  Siege Tank  
  95  12:49  SCV  
  95  12:50  SCV  
  101  12:53  Supply Depot  
  101  12:59  SCV  
  101  13:01  SCV, Terran Infantry Armor Level 2  
  101  13:04  Siege Tank  
  106  13:07  Fusion Core  
  106  13:16  Armory  
  106  13:20  Siege Tank  
  106  13:23  Marine  
  100  13:28  Medivac  
  100  13:29  Marine  
  100  13:33  Raven  
  89  13:35  Marine  
  89  13:41  Marine  
  85  13:47  Marine  
  86  13:52  Marine  
  87  13:58  Marine, Medivac  
  90  14:03  Terran Ship Weapons Level 1  
  90  14:04  Marine  
  93  14:11  Hellion  
  93  14:16  Raven  
  93  14:17  Siege Tank  
  98  14:23  Marine, Marauder  
  98  14:24  Marine x2  
  101  14:28  Medivac  
  101  14:29  Supply Depot  
  105  14:32  Siege Tank  
  108  14:41  Marine x2  
  108  14:42  Marine  
  108  14:45  Marauder  
  113  14:49  Siege Tank  
  118  14:55  Supply Depot  
  118  14:59  Raven, Marine x2  
  120  15:00  Marine  
  120  15:06  Marine  
  113  15:17  Marine x3  
  108  15:22  Supply Depot  
  108  15:24  Marauder  
  101  15:31  Raven  
  101  15:32  Medivac  
  101  15:34  Marine, Command Center  
  101  15:35  Marine x2  
  106  15:45  Marauder  
  108  15:52  Ghost  
  108  15:53  Marine x2  
  112  16:06  Marine  
  112  16:11  Marine x2  
  115  16:21  Marauder  
  115  16:25  Marauder  
  119  16:28  Marine  
  119  16:29  Marine  
  121  16:42  Marine  
  121  16:45  Marine  
  121  16:46  Marine  
  124  16:56  Terran Infantry Armor Level 3  
  124  16:59  Terran Infantry Weapons Level 3, Terran Vehicle And Ship Armor Level 1, Terran Vehicle Weapons Level 2  
  124  17:00  Refinery, Ghost  
  126  17:04  Marauder, Missile Turret  
  128  17:08  Missile Turret  
  128  17:12  Refinery  
  128  17:25  Marauder  
  130  17:31  Bunker  
  130  17:37  SCV  
  130  17:41  Viking  
  132  17:44  Marauder  
  132  17:48  Marauder  
  136  17:52  Viking  
  124  18:06  Marauder, Marine  
  124  18:09  Marine, Marauder  
  119  18:20  Rapid Reignition System  
  119  18:24  Marine  
  119  18:27  Marine  
  115  18:28  Marine  
  115  18:30  Marine  
  92  18:41  Marine  
  92  18:44  Marine  
  92  18:47  Marine  
  92  18:48  Marine  
  94  18:53  Terran Ship Weapons Level 2  
  94  18:55  Raven  
  94  18:59  Marine  
  94  19:00  Siege Tank  
  94  19:02  Marine  
  101  19:05  Marine  
  101  19:06  Marine  
  101  19:07  Raven  
  103  19:15  Terran Vehicle And Ship Armor Level 2  
  103  19:17  Marine  
  103  19:21  Marauder  
  103  19:24  Marauder, Siege Tank  
  108  19:27  Marine  
  108  19:29  Medivac  
  114  19:33  Hi-Sec Auto Tracking  
  114  19:35  Marine  
  115  19:42  Marauder  
  115  19:45  Marine x2  
  120  19:50  Raven, Neosteel Armor  
  121  19:53  Marine  
  121  19:59  Medivac  
  124  20:02  Ghost x2  
  128  20:25  Command Center  
  128  20:31  Marauder  
  128  20:32  Marauder  
  132  20:53  Marauder x2  
  136  21:09  Terran Vehicle Weapons Level 3  
  136  21:14  Marauder  
  138  21:24  Marine  
  137  21:27  Marine  
  137  21:30  Marine  
  137  21:31  Terran Ship Weapons Level 3  
  132  21:35  Ghost  
  132  21:38  Refinery  
  133  21:42  Marine  
  133  21:45  Marine  
  135  21:48  Marine  
  132  21:55  Missile Turret  
  132  22:00  Marine  
  127  22:02  Missile Turret  
  127  22:03  Marine  
  127  22:04  Marine  
  127  22:06  Marine  
  118  22:09  Viking  
  118  22:13  Refinery  
  118  22:14  Raven  
  110  22:18  Marauder  
  110  22:20  Siege Tank  
  110  22:22  Marauder  
  114  22:23  Marine  
  114  22:25  Bunker  
  114  22:26  Marine  
  116  22:39  Marine  
  116  22:40  Marine  
  116  22:43  Marine x2  
  122  22:48  Raven  
  124  22:57  Raven, Marine  
  125  22:58  Marine  
  125  23:01  Marine  
  125  23:02  Marine  
  128  23:15  Marauder  
  128  23:19  Marauder  
  134  23:36  Ghost  
  134  23:39  Viking  
  134  23:40  Marauder, Factory Tech Lab  
  140  23:43  Hellion  
  132  24:02  Marine  
  115  24:03  SCV  
  115  24:04  Hellion  
  115  24:05  Marine  
  115  24:09  Marine  
  114  24:12  Marine  
  107  24:20  Marine  
  107  24:23  Marine  
  104  24:26  Marine  
  104  24:30  Marine  
  95  24:35  SCV  
  95  24:37  Ghost Academy  
  95  24:38  Marine  
  65  24:39  SCV  
  65  24:40  SCV  
  65  24:43  SCV  
  67  24:50  SCV  
  49  25:33  Supply Depot  
  49  25:35  Supply Depot  
  49  25:59  Command Center  
  45  26:23  Command Center  
  44  26:51  Supply Depot  
  44  26:54  Supply Depot  
  44  26:57  Supply Depot  
  41  27:16  Refinery  
  41  27:18  Barracks  
  38  27:25  Barracks  
  31  27:33  SCV  
  32  27:38  Refinery  
  32  27:40  Supply Depot  
  28  27:46  Barracks  
  26  27:58  Refinery  
  26  28:02  SCV  
  26  28:04  SCV  
  25  28:06  SCV  
  25  28:12  Marine  
  27  28:14  SCV  
  27  28:16  SCV  
  27  28:18  SCV  
  21  28:33  Orbital Command  
  14  28:50  SCV  
  15  28:59  SCV  
  15  29:02  SCV  
  15  29:11  SCV  
  15  29:14  SCV  
  7  29:59  Command Center  
Show
View Real Time Build Order
Export as new Build Order

A.I. 3 (Hard) Protoss 

Build Orders:  

Get SALT Encoding   

  12  0:01  Probe  
  13  0:13  Probe  
  14  0:20  Pylon  
  14  0:25  Probe  
  15  0:34  Probe  
  16  0:43  Probe  
  16  0:47  Assimilator  
  17  0:50  Gateway  
  17  0:52  Probe  
  18  1:00  Probe  
  18  1:01  Pylon  
  19  1:21  Probe  
  20  1:39  Zealot  
  22  1:41  Cybernetics Core  
  22  1:44  Gateway  
  22  1:45  Assimilator  
  22  2:03  Pylon  
  22  2:07  Warp Gate  
  22  2:17  Adept  
  24  2:30  Stalker  
  26  2:44  Pylon  
  26  2:45  Adept  
  28  3:00  Adept  
  30  3:07  Adept  
  32  3:25  Pylon  
  32  3:27  Probe  
  32  3:30  Stalker  
  35  3:37  Adept  
  35  3:39  Probe  
  38  3:49  Forge  
  38  3:51  Probe  
  39  4:03  Probe  
  39  4:08  Stalker  
  42  4:11  Probe  
  43  4:19  Probe, Zealot  
  46  4:30  Adept  
  48  6:00  Sentry  
  50  6:04  Gateway  
  50  6:08  Protoss Ground Weapons Level 1  
  50  6:09  Nexus, Pylon  
  50  6:10  Sentry  
  50  6:11  Photon Cannon  
  52  6:13  Photon Cannon  
  52  6:15  Robotics Facility  
  52  6:20  Stargate, Zealot  
  54  6:25  Forge  
  54  6:29  Twilight Council  
  54  6:33  Sentry  
  54  6:36  Pylon  
  56  6:43  Sentry  
  54  6:56  Stalker  
  56  7:03  Observer  
  56  7:04  Protoss Ground Armor Level 1  
  56  7:06  Zealot  
  49  7:16  Stalker  
  49  7:18  Observer  
  49  7:22  Probe  
  48  7:23  Probe  
  48  7:26  Zealot  
  48  7:29  Assimilator  
  52  7:31  Probe  
  52  7:33  Pylon  
  52  7:34  Probe  
  52  7:37  Zealot  
  56  7:39  Probe  
  57  7:45  Pylon  
  57  7:46  Probe  
  57  7:47  Adept  
  56  7:51  Probe  
  56  7:57  Stalker  
  59  7:58  Probe  
  59  8:03  Probe  
  60  8:07  Stalker  
  60  8:10  Probe  
  63  8:15  Probe  
  63  8:17  Adept, Photon Cannon  
  66  8:22  Probe  
  66  8:23  Probe  
  68  8:31  Probe, Photon Cannon  
  68  8:34  Probe  
  68  8:41  Probe  
  70  8:46  Probe  
  72  8:53  Probe  
  73  9:25  Assimilator  
  73  9:45  Probe  
  73  9:50  Probe  
  75  9:53  Probe  
  75  9:58  Stalker x2  
  76  10:20  Warp Prism, Protoss Ground Armor Level 2, Stalker  
  78  10:24  Gateway  
  78  10:26  Stalker  
  69  10:28  Robotics Facility  
  69  10:30  Protoss Ground Weapons Level 2  
  69  10:32  Stalker  
  63  10:36  Pylon  
  63  10:40  Stargate  
  63  10:41  Nexus  
  61  10:43  Zealot  
  61  10:49  Zealot  
  63  10:54  Zealot  
  63  10:56  Warp Prism  
  67  11:03  Zealot  
  69  11:09  Stalker  
  71  11:14  Sentry  
  71  11:15  Observer  
  74  11:19  Blink  
  74  11:20  Sentry  
  75  11:27  Warp Prism  
  75  11:30  Observer, Robotics Bay  
  78  11:41  Protoss Air Weapons Level 1  
  78  11:48  Observer  
  78  11:53  Probe  
  80  11:54  Probe  
  80  11:56  Probe  
  80  11:58  Immortal  
  82  12:05  Probe  
  82  12:06  Immortal  
  82  12:07  Probe  
  82  12:08  Probe  
  89  12:11  Assimilator  
  89  12:14  Pylon  
  93  12:17  Probe, Pylon  
  93  12:18  Gravitic Drive  
  93  12:19  Probe  
  93  12:21  Probe, Templar Archives  
  96  12:27  Dark Shrine  
  96  12:29  Probe  
  97  12:31  Probe  
  97  12:32  Protoss Shields Level 1  
  97  12:33  Probe  
  99  12:39  Fleet Beacon  
  99  12:41  Probe  
  99  12:43  Photon Cannon  
  99  12:44  Probe  
  101  12:52  Photon Cannon  
  101  13:08  Assimilator  
  101  13:15  Gravitic Boosters  
  101  13:22  Sentry  
  87  13:28  Zealot  
  77  13:34  Zealot  
  77  13:39  Sentry  
  81  13:45  Immortal  
  85  13:49  Stalker  
  85  13:50  Protoss Air Armor Level 1  
  85  13:54  Stalker  
  89  13:58  High Templar  
  89  14:00  Psionic Storm  
  91  14:03  Adept  
  93  14:11  Stalker  
  93  14:14  Protoss Ground Weapons Level 3  
  93  14:15  Zealot  
  97  14:20  Stalker  
  99  14:31  High Templar  
  99  14:35  Protoss Ground Armor Level 3, Stalker  
  103  14:40  Zealot  
  103  14:44  Stalker  
  107  14:49  Archon  
  107  14:57  Dark Templar  
  109  15:02  High Templar  
  111  15:07  Dark Templar  
  111  15:14  Dark Templar, Archon  
  115  15:26  High Templar  
  117  15:33  Nexus  
  117  15:34  High Templar  
  119  15:38  Archon  
  119  15:39  Dark Templar  
  118  15:47  Dark Templar, Archon  
  101  15:58  Zealot  
  101  16:01  Observer  
  90  16:06  Zealot  
  90  16:11  Observer, Stalker  
  95  16:15  Stalker  
  97  16:19  Sentry  
  97  16:22  Immortal  
  99  16:26  Zealot  
  105  16:35  Zealot  
  105  16:36  Archon  
  105  16:39  High Templar  
  109  16:44  High Templar  
  111  16:49  Adept  
  113  16:54  Archon  
  113  16:55  High Templar  
  113  16:59  Assimilator  
  115  17:02  Pylon  
  115  17:06  Pylon, Stalker  
  115  17:07  Assimilator  
  117  17:11  Stalker  
  119  17:17  Stalker  
  119  17:22  Sentry  
  123  17:28  High Templar, Photon Cannon  
  123  17:29  Colossus  
  125  17:31  Photon Cannon  
  125  17:35  Stalker  
  127  17:45  Stalker, Carrier  
  127  17:46  Protoss Shields Level 2  
  127  17:50  Stalker  
  133  18:00  Stalker  
  135  18:30  Protoss Air Weapons Level 2  
  135  20:08  Phoenix  
  135  20:20  Pylon, Observer, Protoss Shields Level 3  
  141  20:23  Colossus  
  141  20:27  Disruptor, Void Ray  
  144  20:31  Phoenix  
  146  20:35  Disruptor  
  146  20:41  Protoss Air Armor Level 2  
  153  20:57  Void Ray  
  153  21:10  Nexus  
  153  21:23  Dark Templar  
  137  21:30  Sentry  
  129  21:37  Sentry  
  131  21:43  Dark Templar  
  131  21:51  Archon  
  131  21:53  Dark Templar  
  133  22:00  Dark Templar  
  135  22:11  Archon  
  135  22:12  Dark Templar  
  137  22:19  Dark Templar  
  139  22:27  Archon  
  139  22:46  Protoss Air Weapons Level 3  
  139  23:02  Assimilator  
  139  23:10  Pylon  
  139  23:14  Pylon  
  139  23:16  Assimilator  
  139  23:43  Photon Cannon  
  139  23:47  Photon Cannon  
  139  23:53  Dark Templar  
  132  23:56  Observer  
  132  24:00  Stalker  
  127  24:06  Dark Templar  
  119  24:12  Tempest  
  112  24:18  Stalker  
  112  24:23  Stalker  
  110  24:29  Sentry  
  106  24:35  Adept  
  108  24:40  Disruptor  
  111  24:46  Disruptor  
  111  24:48  Tempest  
  111  24:49  Probe  
  119  24:58  Stalker  
  121  25:04  Sentry  
  123  25:08  Photon Cannon  
  123  25:10  Stalker  
  123  25:11  Void Ray  
  129  25:22  Stalker  
  126  25:28  Sentry  
  126  25:34  Stalker  
  123  25:40  Disruptor  
  120  25:46  Stalker  
  118  25:52  Disruptor  
  121  25:59  Stalker  
  123  26:05  Sentry  
  123  26:11  Stalker  
  125  26:12  Nexus  
  125  26:16  Sentry  
  126  26:21  Void Ray  
  126  26:22  Probe  
  126  26:24  Probe  
  125  26:26  Probe  
  125  26:29  Pylon  
  125  26:30  Immortal  
  110  26:34  Stalker  
  110  26:37  Stalker  
  110  26:41  Immortal  
  110  26:45  Zealot  
  93  26:47  Pylon  
  93  26:51  Nexus  
  73  26:55  Pylon  
  73  26:57  Zealot  
  73  27:00  Probe  
  73  27:01  Pylon  
  66  27:03  Zealot  
  47  27:12  Probe  
  46  27:24  Probe  
  46  27:25  Gateway  
  46  27:28  Gateway  
  41  27:31  Probe  
  41  27:32  Pylon  
  41  27:36  Probe  
  40  27:41  Probe, Forge  
  31  27:48  Probe  
  31  27:49  Probe  
  32  27:57  Probe  
  27  28:03  Probe  
  26  28:09  Probe  
  26  28:12  Pylon  
  25  28:15  Probe  
  13  28:27  Probe  
  14  28:39  Probe  
  15  28:50  Nexus  
  15  28:51  Probe  
  16  29:00  Probe  
  16  29:08  Probe  
  18  29:17  Probe  
  19  29:30  Probe  
  20  29:40  Nexus  
  20  29:42  Probe  
  20  29:43  Pylon  
  21  29:52  Probe  
  22  30:01  Probe  
  23  30:10  Pylon  
  23  30:13  Assimilator  
  23  30:15  Probe  
  23  30:24  Assimilator  
  23  30:25  Forge  
  23  30:27  Probe  
  24  30:29  Probe, Gateway  
  24  30:30  Gateway  
  24  30:33  Gateway  
  25  30:39  Probe  
  25  30:41  Probe  
Show
View Real Time Build Order
Export as new Build Order

Lunarbears Terran - Winner!

Build Orders:  

Get SALT Encoding   

  12  0:03  SCV  
  13  0:20  Supply Depot  
  13  0:22  SCV  
  14  0:34  SCV  
  15  0:45  Barracks  
  15  0:47  SCV  
  16  0:59  SCV  
  17  1:04  Refinery  
  18  1:11  SCV  
  18  1:15  Supply Depot  
  18  1:23  SCV  
  19  1:35  SCV  
  19  1:38  Supply Depot  
  20  1:40  Barracks  
  20  1:41  Marine  
  21  1:47  SCV  
  22  1:59  Marine  
  23  2:06  SCV  
  24  2:17  Marine, Refinery  
  24  2:18  SCV  
  26  2:26  Supply Depot  
  26  2:30  Bunker, SCV  
  26  2:33  Marine  
  26  2:35  Marine  
  29  2:50  Marine, Factory  
  30  2:52  Marine  
  31  3:10  Marine  
  32  3:19  Supply Depot  
  32  3:28  Marine  
  33  3:35  Command Center  
  33  3:36  Engineering Bay  
  33  3:44  Marine  
  33  3:46  Marine  
  35  4:02  Marine  
  36  4:04  Marine  
  37  4:10  Factory Tech Lab  
  37  4:13  Terran Infantry Weapons Level 1  
  37  4:20  Marine  
  38  4:26  Supply Depot  
  38  4:28  Starport  
  38  4:51  Missile Turret  
  38  4:52  SCV  
  39  4:56  Marine  
  39  4:57  Marine  
  41  5:04  SCV  
  42  5:07  Starport Tech Lab  
  42  5:13  Fusion Core  
  42  5:14  Marine  
  42  5:16  SCV  
  44  5:23  Refinery  
  44  5:28  SCV, Missile Turret  
  45  5:40  SCV, Cyclone  
  49  6:07  Armory  
  49  6:08  Terran Infantry Armor Level 1  
  49  6:12  Cyclone  
  52  7:00  Refinery  
  36  7:10  Marine  
  36  7:11  Marine  
  44  7:22  Battlecruiser  
  44  7:28  Marine  
  44  7:29  Marine  
  46  7:41  Siege Tank  
  43  8:02  Planetary Fortress  
  42  8:12  Marine x2  
  44  8:27  Battlecruiser  
  50  8:30  Marine x2  
  52  8:40  Weapon Refit  
  52  8:52  Barracks, Barracks Tech Lab  
  52  9:28  SCV  
  53  9:34  Marauder  
  55  9:38  Battlecruiser  
  55  9:40  SCV  
  62  9:48  Terran Vehicle And Ship Armor Level 1  
  62  9:52  SCV  
  63  9:54  Terran Infantry Weapons Level 2  
  63  9:55  Marauder  
  63  9:56  Marine  
  66  10:14  Marine  
  66  10:16  Marauder  
  66  10:32  Marine  
  64  10:37  Marine  
  58  11:28  Marine x2  
  58  11:29  Command Center  
  60  11:42  Terran Ship Weapons Level 1, Missile Turret  
  60  11:46  Marine  
  61  11:47  Refinery  
  61  11:52  Refinery  
  61  12:05  Marine  
  61  12:06  Marine x2  
  64  12:10  Battlecruiser, Terran Infantry Armor Level 2  
  70  12:45  Planetary Fortress  
  70  12:57  Marine x3  
  73  13:14  Marine x2  
  73  13:15  Marine  
  76  13:47  Siege Tank  
  79  14:19  Siege Tank  
  82  14:25  Battlecruiser  
  88  14:32  Terran Infantry Weapons Level 3  
  88  14:47  Terran Vehicle Weapons Level 1  
  88  14:51  Siege Tank  
  91  14:58  SCV  
  84  15:10  SCV  
  79  15:22  SCV  
  79  15:23  Siege Tank  
  68  15:55  Siege Tank  
  71  16:10  Reaper  
  71  16:11  Reaper x2  
  74  16:24  Battlecruiser  
  80  16:41  Terran Vehicle And Ship Armor Level 2  
  80  16:42  Reaper  
  81  17:09  Terran Infantry Armor Level 3  
  81  17:28  Battlecruiser, Command Center  
  87  17:37  Missile Turret  
  54  18:33  Battlecruiser  
  60  18:36  Planetary Fortress  
  60  18:44  Marine x3  
  63  18:57  Terran Ship Weapons Level 2  
  63  18:58  Planetary Fortress  
  63  19:02  Marine x3  
  66  19:19  Marine  
  67  19:54  Refinery  
  73  20:00  Battlecruiser  
  69  21:05  Starport  
  68  21:13  Raven, Terran Vehicle And Ship Armor Level 3  
  68  21:43  Command Center  
  68  21:59  Starport Tech Lab  
  68  22:35  Command Center  
  68  23:04  Battlecruiser  
  74  23:07  Battlecruiser  
  80  23:50  Terran Ship Weapons Level 3  
  80  23:57  Refinery  
  80  24:47  Battlecruiser  
  80  24:52  Battlecruiser  
  90  25:24  Marine  
  90  25:25  Marine x2  
  78  25:42  Marine  
  72  25:43  Marine x2  
  67  26:00  Marine  
  68  26:17  Marine x2  
  68  26:18  Marine  
  71  26:27  SCV  
  72  26:35  Marine  
  74  26:40  SCV  
  74  26:52  SCV  
  75  27:08  Battlecruiser  
  81  27:11  Battlecruiser  
  87  27:21  Command Center  
  87  28:47  Command Center  
  87  29:06  Viking x2  
  91  29:36  Battlecruiser x2  
  103  30:44  Command Center  
  103  30:55  Command Center  
Show
View Real Time Build Order
Export as new Build Order

larsgj Terran - Winner!

Build Orders:  

Get SALT Encoding   

  12  0:05  SCV  
  13  0:17  SCV  
  14  0:23  Supply Depot  
  14  0:29  SCV  
  15  0:45  SCV  
  16  0:57  SCV  
  17  1:05  Barracks  
  17  1:09  SCV  
  17  1:10  Refinery  
  18  1:16  Refinery  
  18  1:21  SCV  
  18  1:25  Supply Depot  
  19  1:33  SCV  
  20  1:45  SCV  
  21  1:48  Supply Depot  
  21  1:52  Marine  
  22  1:57  SCV  
  23  2:05  Engineering Bay  
  23  2:09  SCV  
  23  2:10  Marine  
  25  2:28  Marine  
  26  2:39  Factory  
  26  2:46  Marine  
  27  3:04  Marine, Command Center  
  28  3:11  Orbital Command  
  28  3:21  Marine  
  28  3:24  Starport  
  29  3:39  Marine  
  30  3:57  Marine  
  31  4:15  Marine  
  32  4:20  Orbital Command  
  32  4:21  Command Center  
  32  4:33  Marine  
  33  4:41  Starport Tech Lab  
  33  4:45  Fusion Core  
  33  4:52  Armory  
  33  5:11  Hi-Sec Auto Tracking  
  33  5:18  Missile Turret  
  33  5:39  Weapon Refit  
  33  5:40  Missile Turret  
  33  5:46  SCV  
  34  5:58  SCV  
  34  6:00  Refinery  
  34  6:01  Missile Turret  
  35  6:05  Refinery  
  35  6:08  Neosteel Armor  
  35  6:10  SCV  
  36  6:22  SCV  
  37  6:39  Orbital Command  
  27  7:19  Battlecruiser  
  33  8:16  Starport  
  33  8:20  Terran Vehicle And Ship Armor Level 1  
  33  8:23  Battlecruiser  
  39  8:45  Starport  
  39  8:52  Marine  
  39  8:54  Bunker  
  40  9:10  Marine  
  41  9:23  Bunker  
  41  9:28  Battlecruiser, Marine  
  48  9:44  Missile Turret  
  48  9:46  Marine  
  49  9:52  Starport Tech Lab  
  49  9:53  Starport Tech Lab  
  49  10:04  Marine  
  49  10:05  Missile Turret  
  50  10:14  Terran Ship Weapons Level 1  
  50  10:21  Marine  
  51  10:32  Battlecruiser  
  51  10:33  Missile Turret  
  53  10:54  Missile Turret  
  53  11:10  Marine  
  54  11:16  Missile Turret  
  54  11:28  Marine  
  55  11:33  Battlecruiser  
  55  11:34  Battlecruiser  
  67  11:46  Marine  
  68  11:57  Supply Depot  
  68  12:04  Marine  
  69  12:19  Battlecruiser, Supply Depot  
  69  12:21  Marine  
  76  12:31  Orbital Command  
  76  12:42  Supply Depot  
  76  12:46  Command Center  
  76  13:02  SCV  
  76  13:04  Supply Depot  
  77  13:07  Battlecruiser  
  77  13:08  Battlecruiser  
  89  13:14  SCV  
  89  13:26  Battlecruiser, SCV  
  96  13:28  Supply Depot  
  96  13:38  SCV  
  97  13:47  Supply Depot  
  97  13:50  SCV, Supply Depot  
  98  14:02  Refinery  
  98  14:05  Refinery  
  98  14:06  SCV  
  94  14:10  Supply Depot  
  94  14:18  SCV  
  94  14:20  Orbital Command  
  95  14:30  SCV  
  96  14:33  Supply Depot  
  96  14:42  SCV  
  97  14:56  Supply Depot  
  97  15:01  SCV  
  98  15:08  Supply Depot  
  98  15:13  SCV  
  99  15:18  Supply Depot  
  99  15:25  SCV  
  100  15:31  Supply Depot  
  100  15:37  SCV  
  100  15:41  Supply Depot  
  101  15:49  SCV  
  102  16:04  Supply Depot  
  102  16:06  Orbital Command  
  102  16:26  Supply Depot  
  102  16:34  Battlecruiser x2  
  102  16:35  SCV  
  115  16:47  SCV  
  115  16:52  Refinery  
  116  16:56  Terran Ship Weapons Level 2  
  116  17:01  Battlecruiser  
  122  17:15  Refinery  
  122  17:38  Battlecruiser x2  
  130  18:05  Battlecruiser  
  130  19:07  Battlecruiser x2  
  148  19:10  Battlecruiser  
  148  19:12  Terran Vehicle And Ship Armor Level 2  
  148  20:11  Battlecruiser  
  148  20:12  Battlecruiser  
  166  20:14  Battlecruiser  
  166  21:16  Battlecruiser x2  
  178  21:18  Battlecruiser  
  172  21:28  Terran Ship Weapons Level 3  
  122  22:20  Battlecruiser x2  
  140  22:22  Battlecruiser  
  140  23:24  Battlecruiser x2  
  158  23:27  Battlecruiser  
  128  25:17  Terran Vehicle And Ship Armor Level 3  
  128  25:21  Battlecruiser x2  
  134  25:32  Refinery  
  134  26:48  Battlecruiser  
  134  26:49  Battlecruiser x2  
  152  28:59  Battlecruiser x2  
  152  29:01  Battlecruiser  
Show
View Real Time Build Order
Export as new Build Order

FroGGe Zerg - Winner!

Build Orders: Hatch First 

Get SALT Encoding   

  12  0:15  Drone x2  
  12  0:20  Overlord  
  14  0:48  Hatchery  
  13  0:50  Drone  
  14  1:02  Drone  
  14  1:03  Drone x2  
  17  1:22  Spawning Pool  
  16  1:26  Drone  
  17  1:41  Drone x2  
  19  1:49  Extractor  
  19  1:53  Extractor  
  19  1:54  Drone  
  18  2:01  Overlord  
  18  2:12  Drone  
  21  2:25  Drone  
  21  2:26  Drone  
  23  2:33  Queen  
  23  2:42  Drone x2  
  27  2:53  Lair  
  27  2:57  Drone x2  
  27  2:58  Drone x2  
  29  3:03  Extractor  
  28  3:07  Extractor  
  28  3:10  Zergling x4  
  29  3:16  Zergling x2  
  30  3:26  Drone x2  
  32  3:51  Queen  
  34  4:02  Hydralisk Den  
  33  4:16  Evolution Chamber  
  32  4:18  Drone x3  
  32  4:19  Drone  
  32  4:23  Overlord  
  32  4:24  Overlord  
  36  4:41  Hydralisk  
  36  4:42  Hydralisk x5  
  48  5:06  Hydralisk x2  
  52  5:17  Hatchery  
  52  5:20  Zerg Missile Weapons Level 1  
  51  5:41  Muscular Augments  
  51  5:46  Drone  
  51  5:48  Overlord x2  
  51  5:49  Overlord  
  47  6:27  Hydralisk x5  
  47  6:28  Hydralisk  
  59  6:35  Queen  
  61  6:53  Grooved Spines  
  51  7:14  Zerg Ground Armor Level 1  
  37  7:23  Hydralisk  
  37  7:24  Hydralisk x5  
  37  7:26  Hydralisk  
  51  7:37  Overlord  
  43  8:11  Hydralisk x2  
  43  8:12  Hydralisk x3  
  47  8:28  Hydralisk  
  47  8:29  Hydralisk  
  47  8:30  Hydralisk  
  53  8:53  Queen  
  55  9:12  Hydralisk  
  55  9:13  Hydralisk  
  55  9:15  Overlord x2  
  59  9:34  Hydralisk x2  
  59  9:35  Hydralisk  
  65  9:57  Hydralisk x2  
  69  10:07  Zerg Missile Weapons Level 2  
  49  10:38  Hydralisk x3  
  51  10:58  Hydralisk x2, Drone  
  56  11:22  Hydralisk x3  
  62  12:06  Hatchery  
  61  12:10  Hydralisk x3  
  67  12:44  Zerg Ground Armor Level 2  
  67  13:03  Infestation Pit  
  53  13:35  Hydralisk x5  
  53  13:36  Hydralisk x2  
  53  13:40  Drone x3  
  70  14:16  Drone x3  
  73  14:22  Overlord x3  
  73  14:23  Overlord x2  
  73  14:43  Queen  
  75  14:46  Spire  
  74  15:03  Hive  
  46  16:02  Hydralisk x4  
  46  16:03  Hydralisk x5  
  54  16:14  Queen  
  56  16:28  Hydralisk x3  
  56  16:29  Hydralisk  
  64  16:53  Hatchery  
  63  16:59  Hydralisk  
  63  17:00  Hydralisk  
  67  17:20  Hydralisk x3  
  29  17:56  Hydralisk x5  
  20  18:32  Hydralisk x2  
  20  18:33  Hydralisk  
  22  19:20  Hatchery  
  20  19:32  Hydralisk  
  20  19:33  Hydralisk  
  24  19:58  Hydralisk x2  
  28  20:20  Drone x3  
  28  20:21  Drone x2  
  33  20:32  Drone  
  34  20:57  Hydralisk x2  
  34  20:58  Hydralisk  
  20  21:44  Hatchery  
  19  21:50  Drone x3  
  19  21:51  Drone x2  
  24  22:17  Drone x4  
  24  22:18  Drone x2  
  30  22:45  Hatchery  
  29  22:56  Drone x4  
  33  23:27  Hydralisk x5  
  33  23:32  Drone x2  
  45  24:09  Hydralisk x2  
  45  24:10  Hydralisk x6  
  45  24:11  Hydralisk  
  45  24:14  Mutalisk  
  65  24:18  Drone  
  66  24:24  Overlord x2  
  66  24:32  Zerg Flyer Weapons Level 1  
  66  24:46  Zerg Missile Weapons Level 3  
  66  25:05  Hydralisk  
  66  25:06  Hydralisk  
  70  25:07  Hatchery  
  69  25:19  Overlord  
  69  25:20  Overlord  
  69  25:23  Hydralisk  
  71  26:21  Drone x6  
  71  26:22  Drone x6  
  83  26:26  Zerg Flyer Armor Level 1  
  83  27:02  Hydralisk x5  
  83  27:03  Hydralisk x7  
  99  27:12  Queen  
  99  27:23  Zerg Ground Armor Level 3  
  99  27:24  Hatchery  
  98  27:36  Hydralisk x3  
  98  27:37  Hydralisk x6  
  100  27:38  Hydralisk x5  
  126  28:06  Hydralisk x3  
  132  28:15  Extractor  
  132  28:18  Extractor  
  126  29:42  Extractor  
  125  29:50  Extractor  
  125  29:52  Hydralisk x2  
  128  30:31  Hydralisk x2  
  132  30:36  Overlord x2  
Tags
 
Add a new tag
Caveats
  • Supply blocks, unpowered buildings, or Contaminate may cause inaccurate times.
  • Supply counts are checked every 10 seconds.